 Dungeon Crawl Stone Soup version 0.32-a0-616-g9348d4545b (webtiles) character file.

Game seed: 11741734304002715316

462 pop the Sneak (level 6, -2/53 HPs)
             Began as a Minotaur Delver on Mar 5, 2024.
             Was a Believer of Wu Jian.
             Killed from afar by Grinder (4 damage)
             ... with a puff of flame
             ... on level 4 of the Dungeon.
             The game lasted 00:17:49 (5527 turns).

pop the Sneak (Minotaur Delver)                     Turns: 5527, Time: 00:17:50

Health: -2/53      AC:  5    Str: 19 (22) XL:     6   Next: 79%
Magic:  5/5        EV: 11    Int:  3 (6)  God:    Wu Jian [**....]
Gold:   144        SH:  0    Dex: 10 (11) Spells: 5/5 levels left

rFire   . . .        h - +0 flail
rCold   . . .        (no shield)
rNeg    . . .        q - +0 ring mail
rPois   .            (helmet restricted)
rElec   .            (no cloak)
rCorr   .            (no gloves)
SInv    .            (no boots)
Will    .....        (no amulet)
Stlth   ++           (no ring)
HPRegen 0.28/turn    (no ring)
MPRegen 0.09/turn

%: no passive effects
@: no status effects
A: horns 2, retaliatory headbutt, strong 1, MP-powered wands
a: Renounce Religion, Wall Jump


You were on level 4 of the Dungeon.
You worshipped Wu Jian.
Wu Jian was pleased with you.
You visited 2 branches of the dungeon, and saw 6 of its levels.

You collected 144 gold pieces.

Inventory:

Hand Weapons
 a - a +0 mace
 h - a +0 flail (weapon)
Missiles
 s - a throwing net (quivered)
Armour
 b - a +1 leather armour
 q - a +0 ring mail (worn)
Wands
 g - a wand of digging (3)
Scrolls
 d - a scroll of revelation
 e - a scroll of fear
 l - 3 scrolls of amnesia
 m - 3 scrolls of identify
Potions
 f - a potion of haste
 i - a potion of lignification
 k - 2 potions of mutation
 o - 2 potions of ambrosia


   Skills:
 + Level 4.7 Fighting
 + Level 4.9 Maces & Flails
 + Level 3.8 Armour
 + Level 3.2 Dodging
 + Level 5.4 Stealth


You had 5 spell levels left.
You didn't know any spells.
Your spell library contained the following spells:

 Spells                   Type           Power      Damage    Failure   Level
 Kiss of Death            Conj/Necr      0%         2d5       71%         1
 Cigotuvi's Dreadful Rot  Necr/Alch/Air  0%         N/A       83%         2
 Ensorcelled Hibernation  Hex/Ice        0%         N/A       83%         2
 Mercury Vapours          Alch/Air       0%         N/A       83%         2
 Confusing Touch          Hex            0%         N/A       97%         3
 Mephitic Cloud           Conj/Alch/Air  0%         N/A       97%         3
 Passwall                 Erth           0%         N/A       97%         3
 Swiftness                Air            0%         N/A       97%         3
 Dispel Undead            Necr           0%         3d6       100%        4
 Martyr's Knell           Necr/Summ      0%         N/A       100%        4
 Freezing Cloud           Conj/Ice/Air   0%         6-21      100%        5
 Death Channel            Necr           0%         N/A       100%        6


Dungeon Overview and Level Annotations

Branches:
Dungeon (5/15)             Temple (1/1) D:4

Altars:
Ashenzari
Cheibriados
Dithmenos
Gozag
Hepliaklqana
Makhleb
Nemelex Xobeh
Okawaru
Qazlal
Ru
Trog
Uskayaw
Vehumet
Wu Jian
Xom
Yredelemnul
Zin
The Shining One

Shops:
D:2 (

Annotations:
D:4 Grinder, Natasha


Innate Abilities, Weirdness & Mutations

You have a pair of horns on your head.
You reflexively headbutt those who attack you in melee.
Your muscles are strong. (Str +4, Int/Dex -1)
You expend magic power (3 MP) to strengthen your wands.


Message History

Grinder hits you.
* * * LOW HITPOINT WARNING * * *
Unknown command.
As you read the scroll of fear, it crumbles to dust.
You assume a fearsome visage.
Grinder looks frightened!
Grinder blinks!
As you read the scroll of fog, it dissolves into smoke.
As you read the scroll labelled BADEUH FO XITS, it crumbles to dust.
It is a scroll of amnesia.
You feel forgetful for a moment.
As you read the scroll labelled LILOQ QIELAGG, it crumbles to dust.
Your body is wracked with pain!
* * * LOW HITPOINT WARNING * * *
It was a scroll of torment.
Grinder is nearby!
Grinder is nearby!
Grinder is nearby!
Grinder is nearby!
Grinder is nearby!
Grinder is nearby!
Grinder is nearby!
Grinder shouts!
Grinder blinks!
Grinder gestures at you.
You suddenly lose the ability to move!
Grinder zaps a wand.
The puff of flame hits you.
* * * LOW HITPOINT WARNING * * *
Grinder gestures at you. You resist with significant effort.
You can move again.
Grinder zaps a wand.
The puff of flame misses you.
Grinder blinks!
You see here a +0 chain mail.
Grinder is nearby!
Grinder gestures at you. Pain shoots through your body!
* * * LOW HITPOINT WARNING * * *
You see here a blade talisman.
Grinder zaps a wand.
The puff of flame hits you.
You die...
Grinder says, "Hey, I wasn't done torturing you yet!"

#...... ....# #.....#
#..# #.....# #..#
#.....# #..## ###
#.....####ยง..#
....#....>##.....#
..........##.###5##
..................##
....###.....@%..[..#
...$.# ###
#####..####..##.....#
#...## ...........
#.### #.........# #..
#.#....... #.
#........# #.
###.......### #
#....$....##>
##.####.......


You could see Grinder.

Vanquished Creatures
  An ice beast (D:3)
  A scorpion (D:3)
  2 bombardier beetles (D:3)
  A hound (D:5)
  2 orc priests
  4 gnolls
  5 adders
  7 orcs
  4 endoplasms
  2 giant cockroaches
  5 goblins
  8 hobgoblins
  2 jackals (D:1)
  3 quokkas
  7 ball pythons
  3 bats
  5 frilled lizards
  6 kobolds
  3 rats
71 creatures vanquished.

Notes
Turn   | Place    | Note
-------+----------+-------------------------------------------
     0 | D:5      | pop the Minotaur Delver began the quest for the Orb.
     0 | D:5      | Reached XP level 1. HP: 19/19 MP: 0/0
    16 | D:4      | Found a staircase to the Ecumenical Temple.
    22 | D:4      | Noticed an iguana
    31 | Temple   | Entered the Ecumenical Temple
    85 | Temple   | Became a worshipper of the Wu Jian Council
   265 | D:5      | Noticed an orc priest
   291 | D:5      | Killed an orc priest
   292 | D:5      | Reached XP level 2. HP: 16/27 MP: 1/1
   292 | D:5      | Reached XP level 3. HP: 20/33 MP: 2/2
   380 | D:5      | Reached skill level 1 in Armour
   428 | D:4      | Noticed Natasha
   446 | D:4      | Reached XP level 4. HP: 27/40 MP: 3/3
   468 | D:3      | Found a shimmering altar of Xom.
   474 | D:3      | Noticed an angel
   477 | D:3      | Found a glowing silver altar of Zin.
   505 | D:3      | HP: 1/40 [burnt (4)]
   703 | D:3      | Reached skill level 5 in Stealth
   739 | D:3      | Found a stormy altar of Qazlal.
   863 | D:2      | Found Ashre Zui's Antique Weapon Emporium.
  1172 | D:1      | Reached * piety under Wu Jian
  1173 | D:1      | Reached XP level 5. HP: 46/46 MP: 4/4
  3564 | D:3      | Noticed an ice beast
  3577 | D:3      | Killed an ice beast
  3578 | D:3      | Reached XP level 6. HP: 23/53 MP: 5/5
  3793 | D:3      | Reached ** piety under Wu Jian
  3824 | D:3      | Noticed an ice beast
  5057 | D:3      | Gained mutation: Your muscles are strong. (Str +4, Int/Dex
                  | -1) [potion of mutation]
  5057 | D:3      | Gained mutation: You expend magic power (3 MP) to
                  | strengthen your wands. [potion of mutation]
  5445 | D:3      | You fall into a shaft and drop 2 floors!
  5469 | D:4      | Noticed Grinder
  5471 | D:4      | Paralysed by Grinder for 2 turns
  5481 | D:4      | Paralysed by Grinder for 4 turns
  5514 | D:4      | Paralysed by Grinder for 3 turns
  5524 | D:4      | HP: 2/53 [Grinder/nerve-wracking pain (5)]
  5527 | D:4      | Killed from afar by Grinder

Illustrated notes

Levels and vault maps discovered:
D:1:      erik_arrival_orb_chamber, layout_loops_cross,
          nicolae_concentric_dashed_squares_mild
D:2:      layout_basic, serial_shops, shop, serial_curves, eino_curves_02,
          eino_curves_02
D:3:      wad_river_or_something, layout_basic, grunt_qazlal_sundering,
          grunt_temple_overflow_order_and_chaos_1, guppyfry_early_lair_pool
D:4:      layout_rooms, grunt_temple_overflow_growth_and_decay,
          minmay_temple_entry_from_below_a, uniq_pikel, uniq_natasha,
          uniq_blork_the_orc, uniq_grinder
D:5:      nicolae_cairo_tiling_large, layout_loops_ring
Temple:   hellmonk_temple_of_storms

Skill      XL: |  1  2  3  4  5 |
---------------+----------------+-----
Fighting       | 4 |  4.7
Maces & Flails | 3 4 |  4.9
Armour         | 1 3 |  3.8
Stealth        | 5 |  5.4
Dodging        | 3 |  3.2

Action                     |  1- 3 |  4- 6 || total
---------------------------+-------+-------++-------
  Melee: Mace              |    24 |   169 ||   193
         Headbutt          |     4 |    30 ||    34
         Flail             |       |    17 ||    17
Ability: Lunge             |     2 |    21 ||    23
         Whirlwind         |       |    16 ||    16
    Use: Scroll            |     2 |     9 ||    11
         Potion            |     1 |     7 ||     8
   Stab: Sleeping          |     1 |     9 ||    10
 Armour: Leather armour    |    31 |    61 ||    92
         Ring mail         |       |    71 ||    71
  Dodge: Dodged            |    22 |   107 ||   129

Table legend: (Time is in decaauts)
 A = Elapsed time spent in this place.
 B = Non-inter-level travel time spent in this place.
 C = Inter-level travel time spent in this place.
 D = Time resting spent in this place.
 E = Time spent auto-exploring this place.
 F = Levels seen in this place.
 G = Mean time per level.
                   A        B        C        D        E       F      G
               +--------+--------+--------+--------+--------+-----+--------+
         Total |   5587 |   5587 |      0 |      0 |   1665 |   6 |  931.2 |
       Dungeon |   5505 |   5505 |      0 |      0 |   1665 |   5 | 1101.0 |
        Temple |     82 |     82 |      0 |      0 |      0 |   1 |   82.0 |
               +--------+--------+--------+--------+--------+-----+--------+

Top non-repeatable levels by time:
     D:3: 2826 daAuts
     D:2: 1406 daAuts
     D:1: 797 daAuts
     D:5: 333 daAuts
     D:4: 141 daAuts
  Temple: 82 daAuts
